 Dungeon Crawl Stone Soup version 0.31-a0-198-g2ad674f65e (webtiles) character file.

Game seed: 2684325184147411991

9 qw the Shooter (level 2, 0/16 HPs)
             Began as a Deep Elf Hunter on June 25, 2023.
             Slain by a hobgoblin
             ... wielding a +0 mace
              (4 damage)
             ... on level 1 of the Dungeon.
             The game lasted 00:00:06 (344 turns).

qw the Shooter (Deep Elf Hunter)                     Turns: 344, Time: 00:00:06

Health: 0/16       AC:  3    Str:  8    XL:     2   Next: 6%
Magic:  4/4        EV: 12    Int: 13    God:
Gold:   36         SH:  0    Dex: 18    Spells: 1/1 levels left

rFire   . . .        a - +0 shortbow
rCold   . . .        (shield currently unavailable)
rNeg    . . .        c - +0 leather armour
rPois   .            (no helmet)
rElec   .            (no cloak)
rCorr   .            (no gloves)
SInv    .            (no boots)
Will    .....        (no amulet)
Stlth   ++           (no ring)
HPRegen 0.22/turn    (no ring)
MPRegen 0.09/turn

%: no passive effects
@: no status effects
A: no striking features
a: no special abilities


You were on level 1 of the Dungeon.
You visited 1 branch of the dungeon, and saw 1 of its levels.

You collected 36 gold pieces.


   Skills:
 - Level 1.5 Fighting
 + Level 6.0 Ranged Weapons
 - Level 2.4 Dodging
 - Level 1.2 Stealth


You had one spell level left.
You didn't know any spells.
Your spell library was empty.

Inventory:

Hand Weapons
 a - a +0 shortbow (weapon)
Armour
 c - a +0 leather armour (worn)
Jewellery
 d - an amulet of reflection
Scrolls
 b - a scroll of butterflies
 e - 2 scrolls of teleportation {unknown}
 g - a scroll of poison {unknown}
 h - a scroll of identify {unknown}
Potions
 f - a potion of curing {unknown}
 i - a potion of degeneration {unknown}

Dungeon Overview and Level Annotations

Branches:
Dungeon (1/15)

Altars:


Message History

Enter note:
Enter note: You shoot an arrow.
The arrow closely misses the ball python.
You hear a shout!
You hear an angry hiss.
A ball python comes into view.
The ball python barely misses you. The ball python grabs you.
The ball python constricts you.
You shoot an arrow.
The arrow closely misses the ball python.
The ball python bites you. The ball python constricts you.
A hobgoblin comes into view.
You shoot an arrow. The arrow hits the ball python.
The ball python is moderately wounded.
The ball python closely misses you. The ball python constricts you.
The ball python closely misses you. The ball python constricts you.
The ball python bites you but does no damage.
You shoot an arrow. The arrow hits the ball python!
You kill the ball python!
The ball python barely misses you. The ball python grabs you.
The ball python constricts you.
Your Ranged Weapons skill increases to level 6!
You have reached level 2!
You shoot an arrow. The arrow hits the ball python!
You kill the ball python!
The hobgoblin hits you but does no damage.
You shoot an arrow. The arrow hits the hobgoblin.
The hobgoblin is moderately wounded.
The hobgoblin hits you but does no damage.
You shoot an arrow. The arrow hits the hobgoblin.
The hobgoblin is heavily wounded.
The hobgoblin barely misses you.
A hobgoblin comes into view. It is wielding a +0 mace.
The hobgoblin hits you but does no damage.
The hobgoblin hits you with a +0 mace.
You shoot an arrow. The arrow closely misses the hobgoblin.
The hobgoblin barely misses you. The hobgoblin hits you with a +0 mace.
You shoot an arrow. The arrow barely misses the hobgoblin.
The hobgoblin closely misses you. The hobgoblin hits you with a +0 mace.
You die...

## ###### .# #....### .#
### #'##...# .#...
#.##...# .#(# 8.8#...#
...
#.##...##########g###...
#.##............@.......
#.##...##########g###...
8.8#...# ... #.######
..... #.##8##8# ...#.#
......... ...# ..
#.##8##8# ...# # #.# #
#### 8.8


You could see 2 hobgoblins.

Vanquished Creatures
  2 ball pythons (D:1)
  2 giant cockroaches (D:1)
  A hobgoblin (D:1)
  2 kobolds (D:1)
  3 rats (D:1)
10 creatures vanquished.

Notes
Turn   | Place    | Note
-------+----------+-------------------------------------------
     0 | D:1      | qw the Deep Elf Hunter began the quest for the Orb.
     0 | D:1      | Reached XP level 1. HP: 12/12 MP: 3/3
     0 | D:1      | 0 ||| qw: Version: 0.3-a-22-g0ed2b0b
     0 | D:1      | 0 ||| qw: Game counter: 5070
     0 | D:1      | 0 ||| qw: Melee chars always use a shield: true
     0 | D:1      | 0 ||| qw: God list: Okawaru
     0 | D:1      | 0 ||| qw: Allow faded altars: false
     0 | D:1      | 0 ||| qw: Do Orc after clearing Dungeon:15 true
     0 | D:1      | 0 ||| qw: Do second Lair branch before Depths: true
     0 | D:1      | 0 ||| qw: Lair rune preference: random
     0 | D:1      | 0 ||| qw: Goals: Normal
     0 | D:1      | 0 ||| PLANNING D:1-11
   340 | D:1      | Reached skill level 6 in Ranged Weapons
   340 | D:1      | Reached XP level 2. HP: 11/16 MP: 4/4
   343 | D:1      | HP: 4/16 [hobgoblin/+0 mace (5)]
   344 | D:1      | Slain by a hobgoblin

Levels and vault maps discovered:
D:1:      minmay_arrival_widening_spiral_wide, layout_basic, dk_noncrumbling_2

Skill      XL: |  1 |
---------------+----+-----
Ranged Weapons | 6 |  6.0
Fighting       | |  1.5
Dodging        | |  2.4
Stealth        | |  1.2

Action                     || total
---------------------------++-------
   Fire: Shortbow          ||    19
 Armour: Leather armour    ||     4
  Dodge: Dodged            ||     7

Table legend:
 A = Non-vault XP
 B = Vault XP
 C = Vault XP percentage of total XP
 D = Non-vault monster count
 E = Vault monster count
 F = Vault count percentage of total count
                 A         B        C        D         E       F
            +---------+---------+-------+---------+---------+-------
      Total |      14 |       0 |   0.0 |      10 |       0 |   0.0
            +---------+---------+-------+---------+---------+-------
        D:1 |      14 |       0 |   0.0 |      10 |       0 |   0.0
            +---------+---------+-------+---------+---------+-------
